Map: Magannatha LE

Players

Cure - Winner!

  • Race: Terran Terran
  • Spawn Location: 5:00

Maru

  • Race: Terran Terran
  • Spawn Location: 11:00

Event: Esports World Cup 2025

VOD

Have the link to the VOD?

Description

Time

  • Played on: July 24, 2025, 10:07 a.m.
  • Length: 14:53
Show
View Real Time Build Order
Export as new Build Order

Cure Terran - Winner!

Build Orders:  

Get SALT Encoding   

  12  0:00  SCV  
  13  0:12  SCV  
  14  0:16  Supply Depot  
  14  0:24  SCV  
  15  0:38  SCV  
  15  0:39  Barracks  
  15  0:42  Refinery  
  16  0:50  SCV  
  17  0:57  Barracks  
  17  1:02  SCV  
  18  1:12  Refinery  
  18  1:15  SCV  
  19  1:25  Reaper  
  19  1:29  Orbital Command  
  20  1:41  Supply Depot  
  20  1:44  Reaper  
  21  1:55  SCV  
  21  1:58  Reaper  
  23  2:07  Factory, SCV  
  24  2:16  Reaper  
  24  2:19  SCV  
  24  2:20  Supply Depot  
  26  2:30  Reaper  
  26  2:31  SCV  
  28  2:43  SCV  
  29  2:50  Reaper  
  29  2:51  Hellion  
  32  2:56  SCV  
  33  3:05  Command Center  
  33  3:06  Reaper  
  33  3:09  SCV  
  35  3:15  Factory Tech Lab  
  35  3:21  SCV  
  35  3:24  Supply Depot  
  36  3:31  Starport  
  36  3:33  SCV  
  37  3:45  Cyclone  
  37  3:46  SCV  
  40  3:51  Barracks Tech Lab, Barracks Reactor  
  40  3:58  SCV  
  40  3:59  Refinery  
  41  4:10  SCV  
  37  4:17  Starport Tech Lab  
  37  4:20  Marine  
  37  4:21  Cyclone  
  37  4:22  Orbital Command, SCV  
  39  4:28  Marine x2  
  41  4:34  SCV  
  41  4:37  Raven  
  41  4:38  Marine  
  45  4:41  Stimpack  
  45  4:45  Supply Depot  
  45  4:46  SCV  
  45  4:47  Marine x2  
  45  4:50  SCV  
  49  4:54  Interference Matrix  
  49  4:58  SCV  
  49  4:59  Marine  
  50  5:02  SCV  
  50  5:05  Marine x2  
  54  5:10  SCV  
  54  5:11  Factory Reactor, Raven, Supply Depot  
  57  5:15  SCV  
  57  5:17  Marine  
  59  5:22  SCV  
  59  5:23  Marine x2  
  59  5:24  Supply Depot  
  59  5:27  SCV  
  63  5:30  Engineering Bay  
  63  5:34  SCV  
  63  5:35  Marine  
  64  5:39  SCV  
  64  5:40  Marine  
  64  5:41  Marine  
  68  5:47  SCV  
  69  5:51  SCV  
  69  5:52  Command Center  
  69  5:53  Marine  
  71  5:58  Marine x2  
  71  6:01  SCV  
  71  6:03  SCV  
  75  6:06  Siege Tank  
  75  6:11  Marine  
  79  6:13  Viking x2  
  83  6:19  Terran Infantry Weapons Level 1  
  83  6:20  Supply Depot, Combat Shield  
  83  6:23  Marine x2  
  85  6:26  SCV  
  85  6:28  Marine, SCV  
  83  6:34  Barracks  
  83  6:41  SCV x2  
  83  6:42  Marine x2  
  83  6:43  Refinery  
  83  6:46  Marine  
  88  6:47  Medivac x2  
  90  7:00  Marine x2, SCV x2  
  89  7:04  Marine  
  89  7:07  Siege Tank  
  90  7:12  SCV  
  91  7:18  Marine x2  
  91  7:19  Barracks, SCV  
  91  7:20  Barracks  
  91  7:22  Marine  
  95  7:24  SCV, Medivac x2  
  100  7:32  Marauder  
  100  7:33  Orbital Command  
  100  7:35  Marine  
  100  7:36  SCV  
  104  7:40  Marauder  
  97  7:45  Marine  
  97  7:46  Siege Tank  
  101  7:53  Marauder, Marine  
  104  8:00  Medivac x2  
  104  8:03  Marine  
  109  8:13  Orbital Command  
  109  8:14  Supply Depot x2  
  109  8:19  Marine x3  
  109  8:20  Marauder, Marine  
  109  8:21  Marauder  
  92  8:27  Siege Tank  
  92  8:30  SCV x2  
  92  8:33  Medivac x2  
  101  8:36  Marine  
  101  8:37  Marine x2  
  101  8:38  Marine  
  103  8:41  Marauder  
  103  8:42  Marauder  
  100  8:54  Marine  
  100  8:55  Marine x2  
  101  8:56  Marine  
  87  9:03  Marauder, Viking, Marine  
  87  9:05  SCV x2  
  87  9:08  SCV  
  88  9:12  Terran Infantry Armor Level 1, Marine x2  
  88  9:13  Marine  
  88  9:14  Marine  
  88  9:16  Siege Tank  
  95  9:19  Viking  
  95  9:21  SCV x2  
  99  9:24  Marine x2  
  99  9:30  Marine x2  
  99  9:31  Marine, SCV  
  105  9:33  SCV  
  106  9:40  Marine  
  106  9:42  Marine x2  
  99  9:49  Marine  
  91  9:53  Siege Tank  
  91  9:54  SCV x2  
  91  9:55  SCV  
  91  9:56  Viking  
  91  9:58  Marine  
  98  10:00  Marine  
  98  10:02  Barracks Tech Lab  
  98  10:03  Barracks Reactor  
  98  10:04  Marauder  
  98  10:06  SCV x2  
  101  10:07  Marine, SCV  
  101  10:08  Viking  
  105  10:14  Armory  
  105  10:16  Marine  
  105  10:17  Engineering Bay  
  105  10:18  Marauder  
  108  10:26  Marauder x2, Marine  
  113  10:31  SCV x2  
  113  10:34  Marine  
  112  10:40  Marauder  
  107  10:43  Marine  
  107  10:46  Marine x2  
  107  10:47  Marauder, Marine  
  104  10:51  Marine  
  104  10:57  Siege Tank  
  100  11:01  Marauder, Marine, SCV x3  
  106  11:04  Marine x2  
  106  11:05  Marauder  
  106  11:09  Marauder, Marine  
  113  11:13  Command Center  
  109  11:19  Marine  
  109  11:22  Marauder, Marine x2  
  118  11:27  Marauder  
  118  11:30  Marauder  
  122  11:33  Supply Depot  
  122  11:34  Supply Depot  
  122  11:35  Terran Infantry Weapons Level 2  
  122  11:38  Marine x2  
  118  11:40  Marine x2  
  118  11:44  Marauder  
  118  11:45  SCV x2  
  118  11:46  SCV  
  124  11:52  Marauder x2, Medivac  
  125  11:56  Marine x2  
  125  11:57  Marine x2, SCV x2  
  111  12:02  Medivac  
  111  12:05  Marauder  
  113  12:09  SCV  
  113  12:13  Marauder x2  
  113  12:14  Marine x2  
  112  12:15  Marine x2  
  112  12:22  Terran Infantry Armor Level 2  
  107  12:23  SCV  
  107  12:24  SCV  
  107  12:26  Marauder  
  107  12:28  Refinery  
  107  12:29  Refinery  
  111  12:31  Orbital Command, Marine x2  
  111  12:32  SCV  
  111  12:36  Marauder, SCV x2  
  118  12:44  Concussive Shells  
  118  12:45  Marine x2  
  118  12:46  Marauder  
  118  12:47  Marine  
  117  12:55  Medivac  
  117  12:58  Marauder  
  119  13:04  Marine  
  118  13:06  Marauder, Siege Tank  
  118  13:10  Barracks  
  118  13:11  Barracks  
  123  13:13  Refinery  
  123  13:14  Refinery, Barracks  
  123  13:15  Medivac  
  123  13:19  Marauder x2, Marine  
  130  13:27  Marine  
  130  13:28  Marauder, Marine  
  130  13:31  Medivac  
  136  13:39  Siege Tank  
  136  13:40  Marauder  
  141  13:42  SCV x3  
  141  13:46  Medivac  
  144  13:50  Supply Depot  
  144  13:51  Supply Depot  
  144  13:54  Marauder x2  
  146  14:02  Barracks Tech Lab x2, Barracks Reactor  
  143  14:10  Marine  
  143  14:11  Marauder  
  143  14:15  Marauder x2  
  146  14:18  Medivac x2  
  146  14:22  Marine x2  
  152  14:33  Marine x3  
Show
View Real Time Build Order
Export as new Build Order

Maru Terran 

Build Orders: Gas First Reaper Expand, Hellion Banshee 

Get SALT Encoding   

  12  0:00  SCV  
  13  0:12  SCV  
  14  0:17  Supply Depot  
  14  0:24  SCV  
  15  0:30  Refinery  
  15  0:39  SCV  
  16  0:43  Barracks  
  16  0:51  SCV  
  17  1:03  SCV  
  18  1:15  SCV  
  19  1:30  Orbital Command  
  19  1:31  Reaper  
  20  1:40  Command Center  
  20  1:50  Factory  
  20  1:56  SCV  
  21  2:02  Refinery  
  21  2:07  Barracks Reactor  
  21  2:08  SCV  
  22  2:12  Supply Depot  
  22  2:20  SCV  
  23  2:34  SCV  
  23  2:35  Starport  
  24  2:46  SCV  
  24  2:49  Hellion x2, Barracks Tech Lab  
  29  2:52  Orbital Command  
  29  2:58  SCV  
  28  3:10  SCV  
  29  3:14  Hellion x2  
  29  3:18  SCV  
  34  3:22  SCV  
  35  3:27  Banshee  
  35  3:29  Supply Depot  
  38  3:35  SCV  
  38  3:38  Hellion  
  39  3:42  Hellion  
  39  3:43  SCV  
  39  3:44  Barracks Tech Lab  
  40  3:48  SCV  
  40  3:55  SCV  
  39  4:00  SCV  
  40  4:03  Hellion  
  40  4:04  Hellion  
  40  4:07  SCV  
  44  4:13  SCV  
  44  4:15  Raven  
  41  4:19  SCV  
  41  4:25  SCV  
  41  4:28  Refinery  
  42  4:31  SCV  
  42  4:33  Marine x2  
  42  4:34  Siege Tank  
  42  4:37  SCV  
  49  4:39  Starport  
  49  4:43  Supply Depot  
  49  4:44  SCV  
  50  4:49  SCV  
  51  4:56  SCV  
  54  5:01  SCV  
  54  5:04  Supply Depot  
  54  5:05  Marine, Liberator x2  
  60  5:08  SCV  
  61  5:18  Refinery, Siege Tank, SCV  
  65  5:23  Marine, SCV  
  65  5:24  Viking  
  65  5:26  Supply Depot  
  69  5:30  SCV  
  69  5:35  SCV  
  68  5:43  SCV  
  68  5:47  SCV  
  68  5:48  Viking  
  72  5:50  Siege Tank  
  72  5:55  SCV  
  75  5:59  SCV  
  75  6:07  SCV  
  75  6:11  Viking, SCV  
  73  6:19  SCV  
  73  6:22  Siege Tank  
  73  6:23  SCV  
  78  6:26  Viking  
  78  6:31  SCV  
  78  6:32  Liberator  
  75  6:36  SCV  
  75  6:39  Supply Depot  
  79  6:43  SCV  
  79  6:46  Liberator  
  83  6:48  SCV  
  82  6:55  SCV  
  82  6:56  Liberator  
  82  7:00  SCV  
  81  7:07  SCV  
  79  7:11  Command Center  
  79  7:12  SCV  
  80  7:18  Liberator  
  80  7:19  SCV  
  80  7:20  Siege Tank  
  87  7:24  Supply Depot, SCV  
  88  7:31  SCV  
  88  7:34  Liberator  
  88  7:36  SCV  
  93  7:39  Viking  
  93  7:44  SCV  
  94  7:48  SCV  
  95  7:56  SCV  
  96  8:00  Liberator, SCV  
  96  8:03  Marine  
  101  8:08  Supply Depot, SCV  
  102  8:20  SCV x2  
  102  8:21  Marine, Siege Tank  
  97  8:30  Viking x2  
  97  8:32  SCV x2  
  97  8:33  Orbital Command  
  101  8:44  SCV x2  
  101  8:46  Marine  
  101  8:52  Viking  
  101  8:54  Siege Tank  
  106  8:56  SCV x2  
  106  8:59  Orbital Command  
  106  9:00  Viking x2  
  97  9:06  Factory  
  97  9:08  SCV x2  
  88  9:16  Armory  
  87  9:18  Refinery  
  87  9:20  Refinery, SCV  
  87  9:21  SCV  
  87  9:22  Viking  
  91  9:26  Command Center, SCV  
  91  9:27  Siege Tank  
  95  9:33  SCV x2  
  95  9:36  Viking  
  95  9:38  SCV  
  100  9:45  SCV x2  
  86  9:46  Viking  
  86  9:50  SCV  
  79  9:57  SCV x2  
  84  10:00  Siege Tank  
  84  10:02  Marine, SCV  
  84  10:06  Bunker  
  86  10:09  SCV x2  
  86  10:11  Viking  
  90  10:14  SCV  
  90  10:17  Siege Tank  
  90  10:18  Starport Tech Lab  
  93  10:24  Viking  
  93  10:26  SCV x3  
  96  10:32  Siege Tank  
  93  10:38  SCV x2  
  95  10:45  SCV  
  95  10:49  Siege Tank  
  94  10:50  Viking, SCV  
  94  10:52  Viking, SCV  
  94  10:53  Viking  
  94  10:57  SCV  
  95  11:02  SCV  
  95  11:04  SCV  
  97  11:15  SCV  
  95  11:20  Liberator  
  95  11:23  SCV  
  95  11:25  Armory  
  98  11:29  Liberator  
  98  11:32  SCV  
  102  11:33  Orbital Command  
  102  11:34  Refinery  
  102  11:35  Refinery  
  102  11:36  SCV  
  102  11:43  Siege Tank  
  102  11:44  SCV  
  102  11:48  SCV  
  100  11:56  SCV  
  100  12:00  SCV  
  85  12:05  Viking  
  89  12:09  Orbital Command, SCV  
  89  12:12  SCV  
  89  12:14  Viking  
  79  12:20  Siege Tank  
  79  12:21  SCV  
  72  12:24  SCV  
  73  12:30  SCV  
  73  12:33  Siege Tank, SCV  
  73  12:36  Viking, SCV  
  82  12:37  SCV  
  82  12:44  Viking  
  82  12:45  SCV  
  82  12:48  SCV  
  82  12:49  SCV  
  75  12:57  SCV  
  64  13:00  SCV  
  64  13:01  SCV  
  65  13:08  Refinery, Siege Tank  
  65  13:09  SCV  
  70  13:12  SCV  
  70  13:13  Banshee, SCV  
  70  13:15  Refinery  
  70  13:19  Command Center  
  74  13:21  SCV  
  74  13:24  SCV  
  74  13:25  Siege Tank, SCV  
  80  13:33  SCV  
  81  13:34  Viking  
  81  13:37  SCV x2  
  81  13:40  Viking  
  87  13:45  SCV  
  88  13:54  Siege Tank  
  88  13:56  Liberator  
  88  13:59  SCV x2  
  90  14:03  SCV  
  90  14:07  Siege Tank  
  81  14:21  SCV  
  82  14:31  SCV x2  
  78  14:33  SCV  
Tags
 
Add a new tag
Caveats
  • Supply blocks, unpowered buildings, or Contaminate may cause inaccurate times.
  • Supply counts are checked every 10 seconds.